 Dungeon Crawl Stone Soup version 0.28.0-53-g5a82cb258f (webtiles) character file.

Game seed: 13689978362730521030

192 Gabide the Stinger (level 6, -12/41 HPs)
             Began as a Formicid Venom Mage on June 13, 2022.
             Killed by a bolt of acid (52 damage)
             ... invoked by the enmity of Fedhas Madash
             ... on level 4 of the Dungeon.
             The game lasted 00:06:25 (4728 turns).

Gabide the Stinger (Formicid Venom Mage)            Turns: 4728, Time: 00:06:25

Health: -12/41     AC:  2    Str: 12    XL:     6   Next: 2%
Magic:  7/10       EV: 12    Int: 17    God:
Gold:   143        SH:  0    Dex: 11    Spells: 5/11 levels left

rFire   . . .      SeeInvis +   d - +1 dagger "Voargh" {speed, rN++}
rCold   . . .      Faith    .   (no shield)
rNeg    + + .      Spirit   .   a - +0 robe
rPois   .          Reflect  .   (helmet unavailable)
rElec   .          Harm     +   l - scarf {harm}
rCorr   .          Rampage  .   (no gloves)
Will    .....                   (no boots)
Stlth   ++........              (no amulet)
HPRegen 0.13/turn               (no ring)
MPRegen 0.12/turn               (no ring)

@: no status effects
A: permanent stasis, dig shafts and tunnels, antennae 3, four strong arms
a: Dig, Shaft Self


You were on level 4 of the Dungeon.
You visited 1 branch of the dungeon, and saw 4 of its levels.

You collected 143 gold pieces.

Inventory:

Hand Weapons
 d - the +1 dagger "Voargh" (weapon) {speed, rN++}
   (You found it on level 3 of the Dungeon)

   Attacks with this weapon are significantly faster.
   rN:        It greatly protects you from negative energy.
Armour
 a - a +0 robe (worn)
 l - a scarf of harm (worn)
Scrolls
 f - 2 scrolls of enchant armour
 g - 2 scrolls of fog
 n - a scroll of brand weapon {unknown}
Potions
 b - 2 potions of curing
 c - a potion of lignification {unknown}
 e - 3 potions of brilliance
 h - a potion of ambrosia {unknown}
 i - a potion of mutation {unknown}
 j - a potion of heal wounds {unknown}
 k - a potion of magic {unknown}
 m - a potion of attraction {unknown}


   Skills:
 - Level 1.7 Dodging
 - Level 2.4 Stealth
 + Level 3.2 Spellcasting
 * Level 3.7 Transmutations
 * Level 6.0 Poison Magic


You had 5 spell levels left.
You knew the following spells:

 Your Spells              Type           Power      Damage    Failure   Level
a - Sting                 Tmut/Pois      76%        1d6       2%          1
b - Poisonous Vapours     Pois/Air       26%        N/A       8%          2
c - Ignite Poison         Fire/Tmut/Pois 13%        N/A       13%         3

Your spell library contained the following spells:

 Spells                   Type           Power      Damage    Failure   Level
 Olgreb's Toxic Radiance  Pois           23%        N/A       14%         4
 Foxfire                  Conj/Fire      8%         2x1d4     17%         1
 Mephitic Cloud           Conj/Pois/Air  9%         N/A       22%         3
 Conjure Flame            Conj/Fire      2%         6-21      45%         3
 Inner Flame              Hex/Fire       2%         N/A       45%         3
 Flame Wave               Conj/Fire      2%         2d4       86%         4
 Sticky Flame             Conj/Fire      2%         2d3       86%         4


Dungeon Overview and Level Annotations

Branches:
Dungeon (4/15)
 Temple: D:4-7

Altars:
Ashenzari
Fedhas

Shops:
D:1 :


Innate Abilities, Weirdness & Mutations

You cannot be hasted, slowed, berserked, paralysed or teleported.
You can dig through walls and to a lower floor.
You have a pair of large antennae on your head. (SInv)
Your four strong arms can wield two-handed weapons with a shield.


Message History

The scorpion is almost dead.
You kill the scorpion!
Your Poison Magic skill increases to level 6!
You can't see any susceptible monsters within range! (Use Z to cast anyway.)
The adder hisses angrily.
The sting hits the adder.
The adder is poisoned.
The adder is lightly wounded.
The adder closely misses you.
The sting hits the adder.
The adder looks even sicker.
The adder is moderately wounded.
The adder closely misses you.
The sting hits the adder.
The adder looks even sicker.
The adder is heavily wounded.
The adder bites you.
You are poisoned.
The adder poisons you! The adder barely misses you.
The sting misses the adder.
You feel sick. The adder bites you but does no damage.
The sting misses the adder.
You feel sick. The adder misses you.
The sting hits the adder.
The adder looks as sick as possible!
The adder is severely wounded.
You feel sick. The adder closely misses you.
You are too depleted to draw on your mana recklessly!
You barely miss the adder.
The adder is almost dead.
The adder barely misses you.
You barely miss the adder.
The adder is almost dead.
You feel sick. The adder barely misses you.
You closely miss the adder.
The adder is almost dead.
You feel sick.
You are no longer poisoned.
You kill the adder!
You have reached level 6!
You start resting.
Fedhas invokes nature against you. The bolt of acid hits you!!!
Ouch! That really hurt!
You die...

########
##......##
##.!......##
#..........#
#..........#
#..........#
#..<.......#
#..........##
##...@.......
#..........##
#............
#..........##
#..(.......#
#..........#
##........##
##......##


You could see the enmity of Fedhas Madash (unaware).

Vanquished Creatures
  A scorpion (D:4)
  5 adders
  2 worms (D:3)
  4 dart slugs
  6 orcs
  3 endoplasms
  6 giant cockroaches
  3 goblins
  9 hobgoblins
  6 jackals
  4 ball pythons
  6 bats
  5 frilled lizards
  6 kobolds
  6 rats
72 creatures vanquished.

Notes
Turn   | Place    | Note
-------+----------+-------------------------------------------
     0 | D:1      | Gabide the Formicid Venom Mage began the quest for the Orb.
     0 | D:1      | Reached XP level 1. HP: 13/13 MP: 3/3
   167 | D:1      | Reached XP level 2. HP: 11/19 MP: 0/5
   397 | D:1      | Learned a level 2 spell: Poisonous Vapours
   722 | D:1      | Reached XP level 3. HP: 5/24 MP: 0/6
  1056 | D:1      | Found Viceug's Book Boutique.
  2111 | D:2      | Reached skill level 5 in Poison Magic
  2218 | D:2      | Found a faded altar of an unknown god.
  2242 | D:2      | Reached XP level 4. HP: 30/30 MP: 4/8
  2449 | D:2      | Prayed at the altar of an unknown god.
  2449 | D:2      | Became a worshipper of Fedhas Madash
  2449 | D:2      | Reached * piety under Fedhas
  2882 | D:2      | Found a broken altar of Ashenzari.
  3132 | D:3      | Identified the +1 dagger "Voargh" {speed, rN++}
  3407 | D:3      | Reached XP level 5. HP: 32/35 MP: 2/9
  3467 | D:3      | Learned a level 3 spell: Ignite Poison
  3830 | D:3      | Reached ** piety under Fedhas
  4073 | D:3      | Fell from the grace of Fedhas
  4384 | D:4      | Noticed a black bear
  4661 | D:4      | Reached skill level 6 in Poison Magic
  4672 | D:4      | Reached XP level 6. HP: 33/41 MP: 0/10
  4728 | D:4      | Killed by a bolt of acid

Illustrated notes

Levels and vault maps discovered:
D:1:      dpeg_arrival_round_b, layout_basic, serial_shops,
          nicolae_shop_statue_plus, st_stairs_4
D:2:      minmay_recursive_quarters, layout_basic, basic_altar,
          shapermc_ecumenical_altar_mp_vishouse, minmay_misc_feat_secret_circle,
          minmay_goblin_kobold_house
D:3:      layout_basic
D:4:      layout_rooms

Skill      XL: |  1  2  3  4  5 |
---------------+----------------+-----
Transmutations | 2 3 |  3.7
Poison Magic   | 5 6 |  6.0
Spellcasting   | 3 |  3.2
Dodging        | |  1.7
Stealth        | |  2.4

Action                   |  1- 3 |  4- 6 || total
-------------------------+-------+-------++-------
Melee: Unarmed           |    24 |     1 ||    25
       Punch             |     1 |       ||     1
       Dagger            |       |     5 ||     5
 Cast: Sting             |    61 |    83 ||   144
       Poisonous Vapours |       |     1 ||     1
Invok: Renounce Religion |       |     1 ||     1
  Use: Scroll            |       |     5 ||     5
Armor: Robe              |     3 |     3 ||     6
       Leather armour    |    20 |       ||    20
Dodge: Dodged            |    34 |    30 ||    64
